[Event "Titled Tuesday Blitz October 11 Early 2022"]
[White "Csonka, Balazs"]
[Black "Gabdrakhmanov, Azat"]
[WhiteFideId "742910"]
[BlackFideId "34189197"]
[WhiteElo "2404"]
[BlackElo "2233"]
[Result "0-1"]
[Round "10"]
[TimeControl "180+1"]
[Date "2022.10.11"]
[WhiteClock "0:00:03"]
[BlackClock "0:00:20"]

1. d4 Nf6 2. c4 g6 3. Nc3 Bg7 4. e4 O-O 5. Nf3 d6 6. Be2 e5 7. O-O Nc6 8. d5 Ne7 9. b4 Nh5 10. g3 f5 11. Ng5 Nf6 12. Bf3 h6 13. Ne6 Bxe6 14. dxe6 c6 15. b5 Qc7 16. bxc6 bxc6 17. Ba3 Rad8 18. Bg2 Qc8 19. Bxd6 Qxe6 20. c5 Nc8 21. Qb3 Qxb3 22. axb3 Nxd6 23. cxd6 Rxd6 24. exf5 gxf5 25. Rxa7 Rd3 26. Rc1 Rb8 27. Bf1 Rd6 28. Bc4+ Kh8 29. Nd1 f4 30. Nc3 Re8 31. Re1 e4 32. gxf4 Ng4 33. Rxe4 Rf8 34. Ree7 Rg6 35. Bd3 Bxc3 36. Bxg6 Nf6 37. f5 Rd8 38. Kg2 Bd4 39. Rf7 Bxa7 40. Rxa7 Nd5 41. Rf7 Nf4+ 42. Kf3 Nd5 43. Rh7+ Kg8 44. Rxh6 Kg7 45. Rh7+ Kf6 46. Rb7 Ke5 47. h4 Nf6 48. h5 Rd3+ 49. Kg2 Ng4 50. Re7+ Kf4 51. h6 Nxh6 52. Kf1 Ng4 53. Re2 Rxb3 54. Rc2 Rb1+ 55. Rc1 Rxc1+ 56. Kg2 Rc2 57. Kh3 Rxf2 58. Kh4 Rh2# 0-1


[Site "https://www.chess.com"]

[Event "Titled Tuesday Blitz October 11 Early 2022"]
[White "D`Arruda, Ricardo D."]
[Black "Lakshmi C"]
[WhiteFideId "100692"]
[BlackFideId "25035347"]
[WhiteElo "2425"]
[BlackElo "1865"]
[Result "1-0"]
[Round "10"]
[TimeControl "180+1"]
[Date "2022.10.12"]
[WhiteClock "0:01:29"]
[BlackClock "0:00:16"]

1. d4 Nf6 2. Nf3 e6 3. c4 b6 4. Nc3 Bb7 5. g3 Be7 6. Bg2 O-O 7. O-O Ne4 8. Bd2 f5 9. Rc1 Bf6 10. d5 Nxc3 11. Bxc3 Qe7 12. Nd4 Na6 13. d6 cxd6 14. Bxb7 Nc5 15. Bxa8 Rxa8 16. Nb5 Nb7 17. Bxf6 gxf6 18. Qd2 a6 19. Nc3 Rc8 20. b3 Kh8 21. Rfd1 Rc6 22. e4 fxe4 23. Nxe4 f5 24. Qg5 Qxg5 25. Nxg5 Kg7 26. f4 h6 27. Nf3 Nc5 28. Nd4 Rc7 29. Ne2 Rc6 30. Nc3 a5 31. Nb5 Ne4 32. Rd4 Kf6 33. Rcd1 Ke7 34. Kg2 h5 35. h3 e5 36. fxe5 dxe5 37. Rxd7+ Kf6 38. Nd6 Nc5 39. Ne8+ Kg5 1-0


[Site "https://www.chess.com"]

[Event "Titled Tuesday Blitz October 11 Early 2022"]
[White "Dardha, Daniel"]
[Black "Zhigalko, Sergei"]
[WhiteFideId "240990"]
[BlackFideId "13502956"]
[WhiteElo "2528"]
[BlackElo "2662"]
[Result "1-0"]
[Round "10"]
[TimeControl "180+1"]
[Date "2022.10.11"]
[WhiteClock "0:00:39"]
[BlackClock "0:00:06"]

1. e4 c5 2. Nf3 Nc6 3. Bb5 Nf6 4. Nc3 Qc7 5. O-O Nd4 6. Re1 a6 7. Bd3 Ng4 8. g3 Nxf3+ 9. Qxf3 Ne5 10. Qe3 e6 11. Bf1 d6 12. b3 Be7 13. Bb2 O-O 14. Rad1 b5 15. Bg2 Bb7 16. Ne2 Rac8 17. d4 cxd4 18. Nxd4 Rfd8 19. Rd2 Qc5 20. Red1 h6 21. h3 a5 22. Kh2 a4 23. f4 Nc6 24. Qe2 a3 25. Nxc6 Bxc6 26. Bd4 Qb4 27. Bb6 Re8 28. c3 Qxc3 29. Rc2 Qf6 30. e5 dxe5 31. fxe5 Qf5 32. Bxc6 Rf8 33. Rf1 Qg5 34. h4 Qf5 35. Rxf5 exf5 36. Bd7 Rxc2 37. Qxc2 f4 38. gxf4 Bxh4 39. e6 fxe6 40. Bxe6+ Kh8 41. Bd4 Bf6 42. Qc5 Be7 43. Qxe7 Re8 44. Qxg7# 1-0


[Site "https://www.chess.com"]

[Event "Titled Tuesday Blitz October 11 Early 2022"]
[White "De Souza, Cristiano Gomes"]
[Black "Winkels, Marcel"]
[WhiteFideId "2151758"]
[BlackFideId "1003887"]
[WhiteElo "2068"]
[BlackElo "1900"]
[Result "1-0"]
[Round "10"]
[TimeControl "180+1"]
[Date "2022.10.12"]
[WhiteClock "0:01:48"]
[BlackClock "0:00:36"]

1. d4 Nf6 2. c4 g6 3. Nc3 d5 4. Bf4 Bg7 5. e3 O-O 6. Nf3 c5 7. dxc5 Qa5 8. Rc1 dxc4 9. Bxc4 Qxc5 10. Nb5 Qb4+ 11. Kf1 Na6 12. a3 Qa5 13. Nc7 Nxc7 14. Bxc7 Qh5 15. Be2 Bg4 16. h3 Be6 17. Nd4 Qd5 18. Bc4 Qd7 19. Nxe6 Qxd1+ 20. Rxd1 fxe6 21. Bxe6+ Kh8 22. Ke2 Ne4 23. f3 Nd6 24. Bxd6 exd6 25. Rxd6 Bxb2 26. Rb1 Bxa3 27. Rd7 b6 28. Bd5 Rad8 29. Rxd8 Rxd8 30. e4 Rc8 31. Ra1 Rc3 32. e5 a5 33. e6 Bc5 34. Be4 Kg7 35. Rd1 Kf6 36. Rd7 h5 37. Bd5 Ra3 38. f4 Ra1 39. Rf7# 1-0


[Site "https://www.chess.com"]

[Event "Titled Tuesday Blitz October 11 Early 2022"]
[White "Dehtiarov, Roman"]
[Black "Titichoca Daza, Daniel"]
[WhiteFideId "14186640"]
[BlackFideId "3309550"]
[WhiteElo "2200"]
[BlackElo "2105"]
[Result "1-0"]
[Round "10"]
[TimeControl "180+1"]
[Date "2022.10.12"]
[WhiteClock "0:00:18"]
[BlackClock "0:00:02"]

1. e4 e5 2. Nf3 Nc6 3. Bb5 a6 4. Ba4 Nf6 5. d4 exd4 6. O-O Be7 7. e5 Nd5 8. Nxd4 O-O 9. Bb3 Nb6 10. Nf5 Nxe5 11. Re1 Bf6 12. Nc3 d6 13. Ng3 Bg4 14. f3 Bd7 15. Nce4 Re8 16. Be3 Be6 17. Bxb6 cxb6 18. Nxf6+ Qxf6 19. Qxd6 Nc6 20. Bxe6 Rad8 21. Bxf7+ Qxf7 22. Qa3 Nd4 23. Qc3 h5 24. Rad1 Rxe1+ 25. Rxe1 h4 26. Ne4 h3 27. Ng5 Qd5 28. Nxh3 b5 29. Qd3 b4 30. c3 Nc6 31. Qxd5+ Rxd5 32. cxb4 Rd2 33. a3 Nd4 34. Nf4 g5 35. Ne6 Ne2+ 36. Kf1 Nd4 37. Nxd4 Rxd4 38. Re2 Kf7 39. Kf2 Kf6 40. h3 Kf5 41. g4+ Kf6 42. Kg3 b5 43. h4 gxh4+ 44. Kxh4 Rc4 45. Kg3 Kg5 46. f4+ Kf6 47. g5+ Kf5 48. Re5+ Kg6 49. Kg4 Rc2 50. f5+ Kf7 51. g6+ Kf6 52. Re6+ Kg7 53. Rxa6 Rxb2 54. Rb6 Rb3 55. Kg5 Rg3+ 56. Kf4 Rxa3 57. Rb7+ Kf8 58. Kg5 Rg3+ 59. Kf6 Ke8 60. g7 Kd8 61. Rb8+ Kc7 62. g8=Q Rd3 63. Rc8+ Kb7 64. Rb8+ Kc7 65. Qc8+ Kd6 66. Rb6+ Kd5 67. Qc5+ Ke4 68. Qxb5 1-0


[Site "https://www.chess.com"]

[Event "Titled Tuesday Blitz October 11 Early 2022"]
[White "Drozdowski, Kacper"]
[Black "Aldokhin, Ivan"]
[WhiteFideId "1136720"]
[BlackFideId "24115720"]
[WhiteElo "2485"]
[BlackElo "2313"]
[Result "1-0"]
[Round "10"]
[TimeControl "180+1"]
[Date "2022.10.11"]
[WhiteClock "0:00:41"]
[BlackClock "0:00:03"]

1. e4 c5 2. Nf3 e6 3. d4 cxd4 4. Nxd4 a6 5. Bd3 Qc7 6. O-O Nf6 7. Qe2 Bd6 8. h3 Nc6 9. Nf3 b5 10. a4 b4 11. Nbd2 Bf4 12. Nc4 Bxc1 13. Raxc1 d5 14. exd5 Nxd5 15. Qe4 Bb7 16. Qg4 Nf4 17. Rcd1 O-O-O 18. Rfe1 h5 19. Qg5 Nxd3 20. Rxd3 Rxd3 21. cxd3 Ne7 22. Rc1 Kb8 23. Na5 Qd8 24. Qf4+ Ka8 25. Nxb7 Kxb7 26. Qxf7 Rf8 27. Qxe6 Rf6 28. Qe4+ Kb8 29. Qxb4+ Rb6 30. Qf4+ Qd6 31. Qf8+ Ka7 32. Qxg7 Rb7 33. Qc3 Nd5 34. Qd4+ Ka8 35. Rc8+ Rb8 36. Rxb8+ Kxb8 37. Qe5 Qxe5 38. Nxe5 Kc7 39. g4 hxg4 40. hxg4 Kd6 41. d4 Nf4 42. Kf1 Kd5 43. g5 Kxd4 44. g6 Ne6 45. Nd7 Kd5 46. a5 Kc6 47. Nf8 Ng7 48. f4 Kd6 49. Ke2 Ke7 50. Nh7 Ne6 51. Kf3 Nd4+ 52. Ke4 Ne6 53. f5 Nc5+ 54. Ke5 Nd3+ 55. Ke4 Nxb2 56. f6+ Ke6 57. f7 Nc4 58. f8=Q Nd6+ 59. Kd3 1-0


[Site "https://www.chess.com"]

[Event "Titled Tuesday Blitz October 11 Early 2022"]
[White "Duda, Jan-Krzysztof"]
[Black "Nakamura, Hikaru"]
[WhiteFideId "1170546"]
[BlackFideId "2016192"]
[WhiteElo "2779"]
[BlackElo "2909"]
[Result "1/2-1/2"]
[Round "10"]
[TimeControl "180+1"]
[Date "2022.10.11"]
[WhiteClock "0:00:05"]
[BlackClock "0:00:10"]

1. d4 Nf6 2. c4 e6 3. Nf3 d5 4. g3 Be7 5. Bg2 O-O 6. O-O dxc4 7. Qc2 b5 8. a4 Bb7 9. axb5 a6 10. bxa6 Nxa6 11. Qxc4 Bd5 12. Qc3 c5 13. Be3 Ne4 14. Qc1 cxd4 15. Bxd4 Nac5 16. Rxa8 Qxa8 17. Nc3 Nb3 18. Nxd5 Qxd5 19. Qe3 f5 20. Be5 Bc5 21. Qd3 Rd8 22. Qxd5 Rxd5 23. e3 g5 24. Bc3 g4 25. Nh4 Nxc3 26. bxc3 Rd3 27. Rb1 Nd2 28. Rb8+ Kf7 29. Rb7+ Be7 30. Rc7 Nb1 31. Bf1 Rxc3 32. Rxc3 Nxc3 33. Ng2 e5 34. h3 h5 35. hxg4 hxg4 36. Ne1 Bd6 37. Nd3 Kf6 38. Kg2 Ba3 39. Ne1 Ne4 40. Bd3 Ng5 41. Nc2 Bc5 42. Kf1 Nf3 43. Na1 Bb4 44. Be2 Nd2+ 45. Kg2 Bc3 46. Nc2 Ne4 47. Na3 Bb4 48. Nc2 Bc5 49. Bd3 Ng5 50. Be2 Ne6 51. Ne1 Kg5 52. Nd3 Bd6 53. Nb2 Bc7 54. Nc4 Nc5 55. Kf1 Ne4 56. Bd3 Nf6 57. Be2 Nd5 58. Bd3 Ne7 59. Be2 Ng8 60. Bd3 Nf6 61. Be2 Nh5 62. Bd3 Bb8 63. Be2 Ng7 64. Kg2 Ne6 65. Kf1 e4 66. Bd1 Nc5 67. Be2 Bc7 68. Nd2 Nd7 69. Nc4 Nf6 70. Nd2 Nd5 71. Nc4 Bb8 72. Kg2 Ba7 73. Kf1 Bc5 74. Kg2 Bb4 75. Kf1 Nc3 76. Ne5 Kf6 77. Nc6 Bc5 78. Bc4 Nd1 79. Ke2 Nb2 80. Bb5 Ke6 81. Kd2 Kd6 82. Nd4 Bxd4 83. exd4 Kd5 84. Bd7 Kxd4 85. Bxf5 Nd3 86. Ke2 Ne5 87. Kd2 Nc4+ 88. Ke2 e3 89. fxe3+ Nxe3 90. Bxg4 Nxg4 91. Kf3 Nf6 92. g4 Nxg4 1/2-1/2


[Site "https://www.chess.com"]

[Event "Titled Tuesday Blitz October 11 Early 2022"]
[White "Fernandez Garcia, Gumersindo"]
[Black "Troltenier, Dirk"]
[WhiteFideId "24516740"]
[BlackFideId "4606400"]
[WhiteElo "2072"]
[BlackElo "2295"]
[Result "1-0"]
[Round "10"]
[TimeControl "180+1"]
[Date "2022.10.12"]
[WhiteClock "0:00:20"]
[BlackClock "0:00:03"]

1. c4 c6 2. e4 d5 3. exd5 cxd5 4. cxd5 Nf6 5. Nc3 Nxd5 6. Nf3 Nc6 7. Bb5 Bg4 8. Qa4 Nxc3 9. Bxc6+ bxc6 10. Qxc6+ Bd7 11. Qxc3 Rc8 12. Qe3 Bb5 13. a4 Ba6 14. Nd4 e6 15. Nb5 Bc5 16. Qg3 O-O 17. O-O Qb6 18. d3 Kh8 19. Bd2 Bxb5 20. axb5 Bd4 21. Be3 Bxe3 22. Qxe3 Qxb5 23. Rfb1 a5 24. h4 Rfd8 25. Ra3 Rd5 26. Rba1 Qxb2 27. Rxa5 Rxa5 28. Rxa5 Qc1+ 29. Kh2 Qxe3 30. fxe3 g6 31. Kg3 Kg7 32. Kf3 h5 33. g3 Kf6 34. Ra6 Rc3 35. d4 Rb3 36. Kf4 Rb2 37. d5 Rf2+ 38. Ke4 Rb2 39. d6 Rd2 40. Kf3 Ke5 41. Ra7 f5 42. d7 Kf6 43. e4 fxe4+ 44. Kxe4 Ke7 45. d8=Q+ Kxd8 46. Rg7 Re2+ 47. Kf3 Ke8 48. Kxe2 1-0


[Site "https://www.chess.com"]

[Event "Titled Tuesday Blitz October 11 Early 2022"]
[White "Fernandez Siles, Luis"]
[Black "Shapiro, Daniel"]
[WhiteFideId "2209420"]
[BlackFideId "2001780"]
[WhiteElo "2186"]
[BlackElo "2230"]
[Result "1-0"]
[Round "10"]
[TimeControl "180+1"]
[Date "2022.10.12"]
[WhiteClock "0:00:20"]
[BlackClock "0:00:04"]

1. d4 Nf6 2. c4 e6 3. Nf3 d5 4. g3 Bb4+ 5. Bd2 Be7 6. Qc2 c6 7. Bg2 O-O 8. O-O b6 9. Bf4 Ba6 10. Ne5 Nfd7 11. cxd5 cxd5 12. Rc1 Nxe5 13. Bxe5 Bd6 14. Bxd6 Qxd6 15. e4 Bb7 16. e5 Qd7 17. Nd2 Nc6 18. Qd3 a6 19. h4 Rac8 20. Nf3 Nb4 21. Qb3 Qb5 22. Bf1 Qa5 23. a3 Nc6 24. Bd3 b5 25. Qc2 Nxd4 26. Nxd4 Rxc2 27. Rxc2 Qa4 28. b4 a5 29. Rc7 Ba8 30. Bc2 axb4 31. Bxa4 bxa4 32. axb4 1-0


[Site "https://www.chess.com"]

[Event "Titled Tuesday Blitz October 11 Early 2022"]
[White "Flis, Pawel"]
[Black "Seletsky, Grigory"]
[WhiteFideId "1112864"]
[BlackFideId "14112191"]
[WhiteElo "1836"]
[BlackElo "2492"]
[Result "0-1"]
[Round "10"]
[TimeControl "180+1"]
[Date "2022.10.12"]
[WhiteClock "0:00:59"]
[BlackClock "0:02:11"]

1. Nf3 d5 2. g3 c6 3. Bg2 Bf5 4. O-O e6 5. d3 h6 6. Nbd2 Bh7 7. e4 Nf6 8. e5 Nfd7 9. Qe2 Be7 10. c4 O-O 11. cxd5 cxd5 12. h4 Nc6 13. a3 Nc5 14. d4 Bd3 15. Qe3 Bxf1 16. dxc5 Bxg2 17. Kxg2 d4 18. Qf4 Bxc5 19. Ne4 Be7 20. Qg4 Kh8 21. Qh5 Qd5 22. Neg5 Nxe5 23. Bf4 Nxf3 24. Nxf7+ Rxf7 25. Qxf7 Ng5+ 0-1


[Site "https://www.chess.com"]

[Event "Titled Tuesday Blitz October 11 Early 2022"]
[White "Garv Gaur"]
[Black "Atanasov, Anthony"]
[WhiteFideId "45030839"]
[BlackFideId "2623897"]
[WhiteElo "1960"]
[BlackElo "2048"]
[Result "1-0"]
[Round "10"]
[TimeControl "180+1"]
[Date "2022.10.12"]
[WhiteClock "0:00:29"]
[BlackClock "0:00:05"]

1. d4 e5 2. dxe5 Nc6 3. Nf3 Qe7 4. g3 Nxe5 5. Nxe5 Qxe5 6. Bg2 d6 7. O-O Nf6 8. Nc3 Be7 9. Bf4 Qh5 10. e4 Qxd1 11. Raxd1 Bg4 12. f3 Be6 13. Rfe1 O-O-O 14. Nd5 Bxd5 15. exd5 Rhe8 16. c4 Bf8 17. Bg5 Rxe1+ 18. Rxe1 Re8 19. Bh3+ Kb8 20. Rxe8+ Nxe8 21. Bd7 Nf6 22. Bxf6 gxf6 23. Be8 Kc8 24. Bxf7 Kd7 25. b3 Bg7 26. g4 Ke7 27. Bg8 h6 28. Kf2 f5 29. Ke3 fxg4 30. fxg4 Be5 31. h3 Kf6 32. Kf3 Kg5 33. Be6 Kh4 34. Ke4 Kg5 35. c5 b6 36. c6 Kf6 37. Kd3 a5 38. Kc4 Ke7 39. Bd7 Bf6 40. Be6 Bg5 41. Kd4 Bh4 42. Ke4 Kf6 43. Bc8 Bg3 44. Kf3 Bh2 45. Bf5 Ke5 46. Be6 Kd4 47. h4 Kc3 48. Ke4 Kb2 49. Kd3 Bg3 50. g5 Bxh4 51. gxh6 Bf6 52. Kc4 Kxa2 53. Bf5 Ka3 54. Bg4 Be5 55. Bd1 Kb2 56. Kb5 Kc1 57. Be2 Kc2 58. b4 axb4 59. Kxb4 Kd2 60. Bc4 Ke3 61. Kb5 Kd4 62. Ba2 Bf6 63. Ka6 Ke5 64. Kb7 Bd8 65. h7 Bf6 66. Kxc7 b5 67. Kb7 b4 68. c7 b3 69. Bxb3 Kf4 70. c8=Q Kg3 71. h8=Q Bd4 72. Qxd4 1-0


[Site "https://www.chess.com"]

[Event "Titled Tuesday Blitz October 11 Early 2022"]
[White "Goryachkina, Aleksandra"]
[Black "Cnejev, Vladimir-Alexandru"]
[WhiteFideId "4147103"]
[BlackFideId "1260898"]
[WhiteElo "2484"]
[BlackElo "2193"]
[Result "1-0"]
[Round "10"]
[TimeControl "180+1"]
[Date "2022.10.12"]
[WhiteClock "0:00:53"]
[BlackClock "0:00:04"]

1. e4 e5 2. Nf3 Nc6 3. Nc3 Nf6 4. d4 exd4 5. Nxd4 Bb4 6. Nxc6 bxc6 7. Bd3 O-O 8. O-O d5 9. exd5 cxd5 10. h3 c6 11. Qf3 Re8 12. Bg5 h6 13. Bh4 Bd6 14. Rfe1 Be6 15. Ne2 Rb8 16. b3 c5 17. Rad1 g5 18. Bg3 g4 19. Qe3 Kg7 20. Bxd6 Qxd6 21. Nf4 Bf5 22. Qg3 Qd7 23. hxg4 Bxd3 24. Nxd3 Ne4 25. Qf4 Nc3 26. Ne5 Nxd1 27. Nxd7 Rxe1+ 28. Kh2 Rb7 29. Qf6+ Kg8 30. Qd8+ Kg7 31. Qf8+ Kg6 32. Qg8# 1-0


[Site "https://www.chess.com"]

[Event "Titled Tuesday Blitz October 11 Early 2022"]
[White "Gulevich, Artem"]
[Black "Fernandez De La Vara, Arnaldo"]
[WhiteFideId "24119580"]
[BlackFideId "3518388"]
[WhiteElo "2218"]
[BlackElo "2387"]
[Result "0-1"]
[Round "10"]
[TimeControl "180+1"]
[Date "2022.10.12"]
[WhiteClock "0:00:18"]
[BlackClock "0:00:10"]

1. Nf3 c5 2. b3 Nf6 3. Bb2 g6 4. e3 Bg7 5. Be2 b6 6. O-O Bb7 7. d4 O-O 8. Nbd2 Nc6 9. c4 cxd4 10. Nxd4 Nxd4 11. Bxd4 d5 12. Bf3 Qb8 13. Rc1 Rd8 14. cxd5 Bxd5 15. Qc2 Qb7 16. Qb2 Ne8 17. Bxg7 Nxg7 18. h3 Ne6 19. Bxd5 Rxd5 20. Nf3 Nc5 21. Qc2 a5 22. Rfd1 Rad8 23. Rxd5 Qxd5 24. Nd4 e5 25. Nf3 f6 26. Qc3 Kg7 27. Qc2 Qd3 28. Qxd3 Rxd3 29. Kf1 e4 30. Nd4 Rd2 31. Rc2 Rd1+ 32. Ke2 Ra1 33. f3 f5 34. fxe4 fxe4 35. Kf2 Kf6 36. Kg3 Ke5 37. Nc6+ Kd5 38. Ne7+ Kd6 39. Nc8+ Kc7 40. Ne7 Rd1 41. Kf4 Kd7 42. Ng8 Ke6 43. Kg5 Kf7 44. Nh6+ Kg7 45. Ng4 Rd5+ 46. Kf4 g5+ 47. Kg3 h5 48. Nf2 Kf6 49. Rc4 Ke5 50. b4 axb4 51. Rxb4 Rd6 52. a4 Kf5 53. Rb5 h4+ 54. Kh2 Rc6 55. a5 bxa5 56. Rxa5 Ke5 57. Ng4+ Kd5 58. Nf6+ Rxf6 0-1


[Site "https://www.chess.com"]

[Event "Titled Tuesday Blitz October 11 Early 2022"]
[White "Haitin, Ilja"]
[Black "Orlov, Georgi"]
[WhiteFideId "4501764"]
[BlackFideId "2011271"]
[WhiteElo "2221"]
[BlackElo "2579"]
[Result "1-0"]
[Round "10"]
[TimeControl "180+1"]
[Date "2022.10.12"]
[WhiteClock "0:00:26"]
[BlackClock "0:01:43"]

1. e4 d6 2. f4 Nf6 3. d3 c5 4. Nf3 Nc6 5. g3 g6 6. Bg2 Bg7 7. O-O O-O 8. a4 a6 9. Qe1 Rb8 10. a5 Nd7 11. g4 e6 12. Ra2 Nb4 13. Ra4 Nxc2 14. Qf2 Nd4 15. Nxd4 cxd4 16. f5 exf5 17. exf5 Nc5 18. Ra3 gxf5 19. gxf5 Qf6 20. Nd2 Kh8 21. b4 Nd7 22. Ne4 Qe5 23. f6 Nxf6 24. Nxf6 Be6 25. Qh4 Bxf6 26. Qxf6+ Qxf6 27. Rxf6 Rg8 28. Bf4 Rbc8 29. Bxd6 Rc1+ 30. Rf1 Rc2 31. Be5+ 1-0


[Site "https://www.chess.com"]

[Event "Titled Tuesday Blitz October 11 Early 2022"]
[White "Hajiyev, Kanan"]
[Black "Aizpurua, Patrick Emilio"]
[WhiteFideId "13404148"]
[BlackFideId "6600522"]
[WhiteElo "2118"]
[BlackElo "2378"]
[Result "1-0"]
[Round "10"]
[TimeControl "180+1"]
[Date "2022.10.12"]
[WhiteClock "0:00:11"]
[BlackClock "0:00:12"]

1. d4 Nf6 2. Nf3 e6 3. c4 d5 4. cxd5 exd5 5. Nc3 c6 6. Bg5 Be7 7. Qc2 O-O 8. e3 Nbd7 9. Bd3 Re8 10. O-O h6 11. Bf4 a6 12. Ne2 Bf8 13. h3 Ne4 14. Bh2 Nd6 15. Rae1 Nf6 16. Ne5 Be6 17. f4 Nfe4 18. Ng3 f5 19. Nxe4 dxe4 20. Be2 Qa5 21. a3 Rec8 22. Rc1 Qb6 23. Bg3 a5 24. Be1 Nb5 25. Bc4 c5 26. d5 Nd4 27. exd4 cxd4 28. Bf2 e3 29. dxe6 exf2+ 30. Qxf2 Be7 31. Kh1 Kh7 32. Rfd1 Bc5 33. Nd7 Qd6 34. Nxc5 Qxc5 35. Qxd4 Qe7 36. Qe5 Rc5 37. Rd5 Rxd5 38. Bxd5 Rf8 39. Rc7 1-0


[Site "https://www.chess.com"]

[Event "Titled Tuesday Blitz October 11 Early 2022"]
[White "Halkias, Stelios"]
[Black "Hansen, Eric"]
[WhiteFideId "4201809"]
[BlackFideId "2606771"]
[WhiteElo "2453"]
[BlackElo "2568"]
[Result "1-0"]
[Round "10"]
[TimeControl "180+1"]
[Date "2022.10.11"]
[WhiteClock "0:00:10"]
[BlackClock "0:00:01"]

1. Nf3 Nf6 2. c4 g6 3. Nc3 c5 4. d4 cxd4 5. Nxd4 Bg7 6. e4 d6 7. Be2 Bd7 8. O-O Nc6 9. Be3 O-O 10. h3 Rc8 11. Rc1 Nxd4 12. Bxd4 Bc6 13. Qc2 a5 14. Rcd1 Qc7 15. Rfe1 b6 16. b3 Nd7 17. Bxg7 Kxg7 18. Bg4 Rfd8 19. Qb2 Kg8 20. Bxd7 Rxd7 21. Rd2 Qb7 22. a4 Rdd8 23. Rd3 Rf8 24. f3 f6 25. Qd2 Be8 26. Qe3 Rc5 27. Nd5 Bf7 28. h4 Kg7 29. Qd4 e5 30. Qe3 Bxd5 31. exd5 Re8 32. Qf2 Rc7 33. f4 Rce7 34. f5 e4 35. Rg3 Re5 36. Qf4 Qd7 37. Rf1 Qe7 38. Qe3 Qd7 39. Qf4 Qe7 40. Qe3 Qc7 41. Kh1 Rf8 42. Rg4 Qc5 43. Qg3 Re7 44. fxg6 h5 45. Rgf4 Qd4 46. Qe1 Re5 47. Qe2 Qd3 48. Qe1 Kxg6 49. R1f2 f5 50. Re2 Rf6 51. Re3 Qd4 52. Qg3+ Kf7 53. Rf1 Rg6 54. Qf4 Kg7 55. Rg3 Rg4 56. Rxg4+ hxg4 57. Qg5+ Kh7 58. Rxf5 Rxf5 59. Qxf5+ Kg7 60. Qxg4+ Kf8 61. Qf4+ Ke8 62. h5 Qd1+ 63. Kh2 Qxh5+ 64. Kg3 Qe2 65. Qxd6 Qe3+ 66. Kg4 Qe2+ 67. Kf5 Qxg2 68. Qe6+ Kd8 69. Qxe4 Qh3+ 70. Kf6 Qxb3 71. d6 1-0


[Site "https://www.chess.com"]

[Event "Titled Tuesday Blitz October 11 Early 2022"]
[White "Hambleton, Aman"]
[Black "Zierk, Steven"]
[WhiteFideId "2606577"]
[BlackFideId "2034255"]
[WhiteElo "2538"]
[BlackElo "2494"]
[Result "0-1"]
[Round "10"]
[TimeControl "180+1"]
[Date "2022.10.11"]
[WhiteClock "0:00:01"]
[BlackClock "0:00:17"]

1. d4 d5 2. c4 c6 3. e3 Nf6 4. Nf3 e6 5. Nc3 Nbd7 6. Qc2 Bd6 7. e4 dxe4 8. Nxe4 Nxe4 9. Qxe4 e5 10. dxe5 O-O 11. exd6 Re8 12. Qxe8+ Qxe8+ 13. Be3 Nf6 14. O-O-O Bg4 15. h3 Bxf3 16. gxf3 Qe6 17. Bd3 Rd8 18. Rhe1 Qxh3 19. c5 Qxf3 20. Bc4 h6 21. Rd4 g5 22. b4 b6 23. Kb2 bxc5 24. bxc5 Qf5 25. Rd2 Ne4 26. Rd3 Nxc5 27. Rd4 Rb8+ 28. Bb3 Nd3+ 29. Rxd3 Qxd3 30. Kc1 Qxd6 31. Bd2 Qc5+ 32. Kb2 Qxf2 33. Kc1 Rxb3 34. axb3 g4 35. Bc3 g3 36. Re8+ Kh7 37. Rh8+ Kg6 38. Rf8 Kf5 39. Rxf7+ Ke4 40. Rxf2 gxf2 0-1


[Site "https://www.chess.com"]

[Event "Titled Tuesday Blitz October 11 Early 2022"]
[White "Harsh Suresh"]
[Black "Ilkhomi, Jaloliddin"]
[WhiteFideId "45018464"]
[BlackFideId "14700948"]
[WhiteElo "2180"]
[BlackElo "2045"]
[Result "1-0"]
[Round "10"]
[TimeControl "180+1"]
[Date "2022.10.12"]
[WhiteClock "0:00:42"]
[BlackClock "0:00:04"]

1. b3 Nf6 2. Bb2 e6 3. e3 b6 4. f4 Bb7 5. Nf3 d5 6. Be2 Nbd7 7. O-O Bd6 8. h3 Qe7 9. a4 a5 10. Qe1 h5 11. Nc3 Ne4 12. Nxe4 dxe4 13. Nd4 f5 14. Qg3 Qf7 15. Bc4 h4 16. Qg5 Rh6 17. Nb5 Rg6 18. Qxh4 Nf6 19. Be5 O-O-O 20. Nxd6+ cxd6 21. Bd4 Rh6 22. Qe1 Kc7 23. b4 axb4 24. Qb1 d5 25. Be2 Qe7 26. a5 Nd7 27. axb6+ Nxb6 28. Ra5 Rhh8 29. Bc5 Qd7 30. Qxb4 Qc6 31. Rb1 Nc4 32. Bxc4 dxc4 33. Ra7 Rb8 34. Bd6+ Kd7 35. Bxb8 Rxb8 36. Rxb7+ Rxb7 37. Qxb7+ 1-0


[Site "https://www.chess.com"]

[Event "Titled Tuesday Blitz October 11 Early 2022"]
[White "Hartikainen, Jarmo"]
[Black "Sonnenschein, Philipp"]
[WhiteFideId "503134"]
[BlackFideId "16250877"]
[WhiteElo "2167"]
[BlackElo "2225"]
[Result "0-1"]
[Round "10"]
[TimeControl "180+1"]
[Date "2022.10.12"]
[WhiteClock "0:00:09"]
[BlackClock "0:00:46"]

1. e4 c6 2. d4 d5 3. Nc3 dxe4 4. Nxe4 Nf6 5. Nxf6+ exf6 6. Bf4 Bd6 7. Qf3 O-O 8. Bd3 Re8+ 9. Ne2 Bxf4 10. Qxf4 Nd7 11. h4 Nf8 12. h5 Ne6 13. Qf5 Ng5 14. Qf4 Be6 15. a3 Bd5 16. O-O-O Bxg2 17. Rhg1 Be4 18. Ng3 Bxd3 19. Rxd3 Nh3 20. Qg4 Nxg1 21. Nf5 Ne2+ 22. Kb1 g6 23. Nh6+ Kf8 24. hxg6 fxg6 25. Rh3 Qxd4 26. Qf3 Qd1+ 27. Ka2 Nc1+ 28. Kb1 Qxf3 29. Rxf3 Kg7 30. Ng4 f5 31. Ne3 Ne2 32. Nc4 Nd4 33. Rh3 Re1+ 34. Ka2 Nxc2 35. Nd6 b6 36. Rc3 Nd4 37. Rc4 c5 0-1


[Site "https://www.chess.com"]

[Event "Titled Tuesday Blitz October 11 Early 2022"]
[White "Heinemann, Josefine"]
[Black "Agasarov, Benik"]
[WhiteFideId "12900460"]
[BlackFideId "13314823"]
[WhiteElo "2300"]
[BlackElo "2152"]
[Result "0-1"]
[Round "10"]
[TimeControl "180+1"]
[Date "2022.10.12"]
[WhiteClock "0:00:19"]
[BlackClock "0:01:37"]

1. d4 Nf6 2. c4 c5 3. d5 b5 4. cxb5 a6 5. bxa6 g6 6. Nc3 Bg7 7. e4 O-O 8. Nf3 Qa5 9. Bd3 Nxd5 10. exd5 Bxc3+ 11. Bd2 Bxd2+ 12. Qxd2 Qxd2+ 13. Nxd2 Bxa6 14. Bxa6 Nxa6 15. O-O Nb4 16. Ne4 d6 17. a3 Nxd5 18. Rac1 Rfb8 19. Rc2 Rb7 20. Nd2 Nb6 21. Re1 Rab8 22. b3 Kf8 23. h4 Ra8 24. a4 h5 25. g3 Nd5 26. Kg2 Nb4 27. Rc3 e6 28. f3 Ke7 29. g4 hxg4 30. fxg4 Nd5 31. Rf3 Rb4 32. Kg3 Nf6 33. Rf4 Rab8 34. Ref1 Rxf4 35. Rxf4 e5 36. Rf3 d5 37. Re3 e4 38. g5 Nh5+ 39. Kg4 f5+ 40. gxf6+ Kxf6 41. Re1 Ng7 42. Rf1+ Nf5 43. a5 Ke5 44. Ra1 Rh8 45. a6 Rxh4+ 46. Kg5 Rh8 47. a7 Ra8 48. Kxg6 Nd4 49. Kg5 Nc6 50. Ra6 Kd6 51. b4 cxb4 52. Nb3 Rxa7 53. Rb6 Ra3 54. Nd4 Kc5 0-1


[Site "https://www.chess.com"]